 Dungeon Crawl Stone Soup version 0.22.1-1-ga44c0e56f4 (webtiles) character file.

1919 Chiseanne the Skirmisher (level 9, -2/69 HPs)
             Began as a Gnoll Wanderer on Nov 1, 2018.
             Killed from afar by Harold (24 damage)
             ... with a wand of acid (7)
             ... on level 7 of the Dungeon.
             The game lasted 00:28:43 (7736 turns).

Chiseanne the Skirmisher (Gnoll Wanderer)           Turns: 7736, Time: 00:28:43

Health: -2/69      AC:  7    Str: 14    XL:     9   Next: 16%
Magic:  14/14      EV:  7    Int: 18    God:
Gold:   354        SH:  0    Dex: 15    Spells: 12/15 levels left

rFire    . . .     SeeInvis .   s - +4 quarterstaff (chaos)
rCold    . . .     Gourm    .   (shield currently unavailable)
rNeg     + . .     Faith    .   b - +3 leather armour
rPois    .         Spirit   .   (no helmet)
rElec    .         Reflect  .   t - +0 cloak
rCorr    .         Harm     .   (no gloves)
MR       .....                  (no boots)
Stlth    +++.......             (no amulet)
HPRegen  0.21/turn              o - ring of positive energy
MPRegen  0.14/turn              (no ring)

@: held
A: distributed training, fangs 1, talons 1, deterioration 1, strong nose
a: no special abilities


You were on level 7 of the Dungeon.
You were hungry.

You visited 1 branch of the dungeon, and saw 7 of its levels.
You also visited: Sewer.

You collected 354 gold pieces.

Inventory:

Hand Weapons
 a - a +2 dagger of speed
 e - a +0 mace of draining
 l - a +2 dagger
 p - a +0 antimagic hand axe
 q - a +1 spear of freezing
 r - a +2 dagger of flaming
 s - a +4 quarterstaff of chaos (weapon)
 y - a +3 mace
 z - a +0 mace of crushing
 B - a +0 hand crossbow
 D - a +0 blowgun
 M - a +0 dire flail of protection
Missiles
 d - 114 stones (quivered)
 g - 40 poisoned needles
 h - 4 tomahawks
 k - 144 arrows
 v - 75 bolts
 w - 13 javelins
 E - 2 curare-tipped needles
 J - 17 sling bullets
Armour
 b - a +3 leather armour (worn)
 t - a +0 cloak (worn)
Jewellery
 o - a ring of positive energy (left hand)
Wands
 H - a wand of flame (30)
 K - a wand of random effects (10)
 L - a wand of acid (5)
 O - a wand of scattershot (6)
Scrolls
 j - 4 scrolls of remove curse
 x - 6 scrolls of teleportation
 A - a scroll of enchant armour
 G - a scroll of magic mapping
Potions
 c - 3 potions of cancellation
 i - 4 potions of curing
 m - 2 potions of haste
 n - a potion of flight
 u - 3 potions of brilliance
 C - 2 potions of might
 F - 2 potions of heal wounds {unknown}
 I - 2 potions of lignification {unknown}
Comestibles
 f - 11 rations
 N - 2 chunks of flesh


   Skills:
 + Level 6.1 Fighting
 + Level 4.7 Short Blades
 + Level 3.9 Long Blades
 + Level 3.9 Axes
 + Level 3.9 Maces & Flails
 + Level 3.9 Polearms
 + Level 3.9 Staves
 + Level 3.9 Slings
 + Level 3.9 Bows
 + Level 3.9 Crossbows
 + Level 4.7 Throwing
 + Level 3.9 Armour
 + Level 4.7 Dodging
 + Level 5.8 Stealth
 + Level 3.9 Shields
 + Level 3.9 Unarmed Combat
 + Level 3.9 Spellcasting
 + Level 3.2 Conjurations
 + Level 3.2 Hexes
 + Level 3.2 Charms
 + Level 3.2 Summonings
 + Level 3.2 Necromancy
 + Level 3.2 Translocations
 + Level 3.9 Transmutations
 + Level 3.2 Fire Magic
 + Level 3.2 Ice Magic
 + Level 3.2 Air Magic
 + Level 3.2 Earth Magic
 + Level 5.0 Poison Magic
 + Level 4.3 Invocations
 + Level 3.9 Evocations


You had 12 spell levels left.
You knew the following spells:

 Your Spells              Type           Power        Failure   Level  Hunger
a - Mephitic Cloud        Conj/Pois/Air  ###.....     12%         3    ###....

Your spell library contained the following spells:

 Spells                   Type           Power        Failure   Level  Hunger
 Sting                    Conj/Pois      ###.         3%          1    None
 Confusing Touch          Hex            ###...       4%          1    None
 Freeze                   Ice            ###.         4%          1    None
 Throw Frost              Conj/Ice       ###...       8%          2    ##.....
 Dazzling Spray           Conj/Hex       ###...       14%         3    ###....
 Ozocubu's Armour         Chrm/Ice       ###.....     14%         3    ###....
 Summon Ice Beast         Ice/Summ       ###.....     43%         4    ####...
 Throw Icicle             Conj/Ice       ###.....     43%         4    ####...


Dungeon Overview and Level Annotations

Branches:
Dungeon (7/15)
 Temple: D:4-7

Altars:
Cheibriados
Hepliaklqana
Kikubaaqudgha
Nemelex Xobeh
Qazlal
Trog
Vehumet
Wu Jian
Xom

Shops:
D:5 [(:

Annotations:
D:7 Harold


Innate Abilities, Weirdness & Mutations

Your experience applies equally to all skills.
You have very sharp teeth.
Your uncanny sense of smell can sniff out nearby items.
You have sharp toenails.
Your body sometimes deteriorates upon taking damage.


Message History

Evoke which item? (* to show all) (? for menu, Esc to quit)
Aiming: Corrosive Bolt
Press: ? - help, Shift-Dir - straight line, f/p - Dowan
Aim: Dowan, wielding a dagger and wearing an embroidered robe (almost dead, The bolt of acid hits Dowan.
Dowan is splashed with acid.
The acid corrodes Dowan!
You kill Dowan!
The bolt of acid misses Harold.
Harold zaps a wand.
The bolt of acid hits you!
* * * LOW HITPOINT WARNING * * *
You are splashed with acid!
The acid burns!
* * * LOW HITPOINT WARNING * * *
You feel better.
Harold throws a throwing net.
The throwing net hits you.
You become entangled in the net!
You see here a throwing net.
Evoke which item? (* to show all) (? for menu, Esc to quit)
Okay, then.
Okay, then.
You feel better.
Harold zaps a wand.
The bolt of acid hits you!
You die...

##### ....####
######.......
...........#
..###.#..#.##.# #
........#.##.#####
#. #....#.##......
#.####............##
#..@.@..(.#.#####.#.
#..#####(.#.####...#
#.. #../>........#
#.. #...#..##....#
... .......##.#...
##.. ...?..........)
#.. ####.###.####.##
#.. ∆ # #...# #.#.##


You could see Harold.

Vanquished Creatures
  Eustachio (D:5)
  Menkaure (D:6)
  Duvessa (D:7)
  An orc warrior (D:6)
  An ice beast (D:6)
  2 black bears (D:6)
  An ogre (D:4)
  A centaur (D:6)
  A crocodile (D:7)
  Blork the orc (D:6)
  A bullfrog (D:6)
  Dowan (D:7)
  2 scorpions (D:6)
  A howler monkey (D:6)
  2 crimson imps
  2 jellies
  4 orc wizards
  Crazy Yiuf (D:3)
  A hound (D:6)
  A bullfrog skeleton (D:6)
  Jessica (D:2)
  2 iguanas (D:5)
  2 worker ants
  9 adders
  3 gnolls (D:6)
  3 oozes
  2 worms
  3 dart slugs
  3 leopard geckos
  8 orcs
  7 ball pythons
  A bat zombie (D:3)
  8 giant cockroaches
  9 goblins
  6 hobgoblins
  5 jackals (Sewer)
  2 quokkas
  A ball python skeleton (D:4)
  3 bats (D:1)
  6 frilled lizards
  11 kobolds
  A leopard gecko skeleton (D:4)
  10 rats
  2 rat zombies (D:3)
  4 plants (Sewer)
139 creatures vanquished.

Vanquished Creatures (others)
  2 fungi (D:3)
  A plant (Sewer)
3 creatures vanquished.

Grand Total: 142 creatures vanquished

Notes
Turn   | Place    | Note
-------+----------+-------------------------------------------
     0 | D:1      | Chiseanne the Gnoll Wanderer began the quest for the Orb.
     0 | D:1      | Chiseanne set off with: a +2 dagger, a potion of berserk
                  | rage, a +0 robe, a ration
     0 | D:1      | Reached XP level 1. HP: 20/20 MP: 1/1
    50 | D:1      | Reached XP level 2. HP: 20/26 MP: 2/2
   336 | D:1      | Reached XP level 3. HP: 30/31 MP: 3/3
   826 | D:2      | Reached skill level 1 in Invocations
   962 | D:2      | Reached skill level 1 in Long Blades
   962 | D:2      | Reached skill level 1 in Axes
   962 | D:2      | Reached skill level 1 in Maces & Flails
   962 | D:2      | Reached skill level 1 in Polearms
   962 | D:2      | Reached skill level 1 in Staves
   962 | D:2      | Reached skill level 1 in Slings
   962 | D:2      | Reached skill level 1 in Bows
   962 | D:2      | Reached skill level 1 in Crossbows
   962 | D:2      | Reached skill level 1 in Armour
   962 | D:2      | Reached skill level 1 in Shields
   962 | D:2      | Reached skill level 1 in Unarmed Combat
   962 | D:2      | Reached skill level 1 in Spellcasting
   962 | D:2      | Reached skill level 1 in Evocations
   962 | D:2      | Reached XP level 4. HP: 31/38 MP: 5/5
  1484 | D:3      | Found a sparkling altar of Nemelex Xobeh.
  1485 | D:3      | Found an ornate altar of the Wu Jian Council.
  1599 | D:3      | Found an ancient bone altar of Kikubaaqudgha.
  1895 | D:3      | HP: 1/38 [orc wizard/magic dart (6)]
  1896 | D:3      | Reached skill level 1 in Conjurations
  1896 | D:3      | Reached skill level 1 in Hexes
  1896 | D:3      | Reached skill level 1 in Charms
  1896 | D:3      | Reached skill level 1 in Summonings
  1896 | D:3      | Reached skill level 1 in Necromancy
  1896 | D:3      | Reached skill level 1 in Translocations
  1896 | D:3      | Reached skill level 1 in Fire Magic
  1896 | D:3      | Reached skill level 1 in Ice Magic
  1896 | D:3      | Reached skill level 1 in Air Magic
  1896 | D:3      | Reached skill level 1 in Earth Magic
  2326 | D:3      | Found a runed door.
  2330 | D:3      | Noticed Crazy Yiuf
  2340 | D:3      | Killed Crazy Yiuf
  2340 | D:3      | Reached XP level 5. HP: 25/43 MP: 1/7
  2833 | D:2      | Noticed Jessica
  2844 | D:2      | Killed Jessica
  3079 | D:2      | Found a snail-covered altar of Cheibriados.
  3465 | D:4      | Noticed an ogre
  3487 | D:4      | Killed an ogre
  3487 | D:4      | Reached XP level 6. HP: 26/50 MP: 8/8
  3981 | D:3      | Found a stormy altar of Qazlal.
  4202 | D:5      | Entered Level 5 of the Dungeon
  4221 | D:5      | Found Veit's Antique Armour Emporium.
  4235 | D:5      | Noticed Eustachio
  4255 | D:5      | Gained mutation: Your body sometimes deteriorates upon
                  | taking damage. [potion of mutation]
  4255 | D:5      | Gained mutation: You have sharp toenails. [potion of
                  | mutation]
  4270 | D:5      | Killed Eustachio
  4270 | D:5      | Reached skill level 5 in Fighting
  4270 | D:5      | Reached XP level 7. HP: 56/56 MP: 8/10
  4379 | D:5      | Found Lokin's Book Emporium.
  4498 | D:5      | Found a radiant altar of Vehumet.
  4510 | D:5      | Found Nutyteun's Antique Weapon Boutique.
  5105 | D:5      | Learned a level 3 spell: Mephitic Cloud
  5385 | D:6      | Found a shimmering altar of Xom.
  5422 | D:6      | Noticed Menkaure
  5456 | D:6      | Killed Menkaure
  5601 | D:6      | Reached skill level 5 in Stealth
  5755 | D:6      | Found a glowing drain.
  5839 | Sewer    | Entered a sewer
  5905 | Sewer    | Reached XP level 8. HP: 61/63 MP: 12/12
  6612 | D:6      | Found a radiant altar of Vehumet.
  7094 | D:6      | Noticed Blork the orc
  7098 | D:6      | Killed Blork the orc
  7115 | D:6      | Found a bloodstained altar of Trog.
  7234 | D:6      | Reached XP level 9. HP: 69/69 MP: 14/14
  7242 | D:6      | Found a hazy altar of Hepliaklqana.
  7493 | D:7      | Reached skill level 6 in Fighting
  7493 | D:7      | Reached skill level 5 in Poison Magic
  7714 | D:7      | Noticed Dowan
  7716 | D:7      | Noticed Duvessa
  7716 | D:7      | Noticed Harold
  7732 | D:7      | Killed Duvessa
  7733 | D:7      | Killed Dowan
  7736 | D:7      | Killed from afar by Harold

Skill      XL: |  1  2  3  4  5  6  7  8  9 |
---------------+----------------------------+-----
Transmutations | 2 3 |  3.9
Invocations    | 1 2 3 4 |  4.3
Long Blades    | 1 2 3 |  3.9
Axes           | 1 2 3 |  3.9
Maces & Flails | 1 2 3 |  3.9
Polearms       | 1 2 3 |  3.9
Staves         | 1 2 3 |  3.9
Slings         | 1 2 3 |  3.9
Bows           | 1 2 3 |  3.9
Crossbows      | 1 2 3 |  3.9
Armour         | 1 2 3 |  3.9
Shields        | 1 2 3 |  3.9
Unarmed Combat | 1 2 3 |  3.9
Spellcasting   | 1 2 3 |  3.9
Evocations     | 1 2 3 |  3.9
Conjurations   | 1 2 3 |  3.2
Hexes          | 1 2 3 |  3.2
Charms         | 1 2 3 |  3.2
Summonings     | 1 2 3 |  3.2
Necromancy     | 1 2 3 |  3.2
Translocations | 1 2 3 |  3.2
Fire Magic     | 1 2 3 |  3.2
Ice Magic      | 1 2 3 |  3.2
Air Magic      | 1 2 3 |  3.2
Earth Magic    | 1 2 3 |  3.2
Short Blades   | 3 4 |  4.7
Throwing       | 3 4 |  4.7
Dodging        | 3 4 |  4.7
Poison Magic   | 4 5 |  5.0
Fighting       | 5 6 |  6.1
Stealth        | 5 |  5.8

Action                   |  1- 3 |  4- 6 |  7- 9 || total
-------------------------+-------+-------+-------++-------
Melee: Dagger            |   103 |   155 |    75 ||   333
       Bite              |     4 |    17 |    31 ||    52
       Quarterstaff      |       |     3 |   191 ||   194
       Kick              |       |     4 |    75 ||    79
Evoke: Wand              |       |       |    11 ||    11
  Use: Scroll            |     6 |     7 |     5 ||    18
       Potion            |       |     8 |     2 ||    10
 Stab: Sleeping          |     6 |     7 |     7 ||    20
       Petrified         |       |       |     1 ||     1
       Confused          |       |       |     1 ||     1
  Eat: Chunk             |       |     8 |    10 ||    18
       Ration            |       |     1 |       ||     1
Armor: Robe              |    10 |     2 |       ||    12
       Leather armour    |       |    10 |    67 ||    77
Dodge: Dodged            |    51 |    61 |   100 ||   212
